 Dungeon Crawl Stone Soup version 0.14-a0-181-gf6fe0c6 (webtiles) character file.

339 Malachi the Vexing (level 5, 0/40 HPs)
             Began as a Djinni Enchanter on Oct 6, 2013.
             Slain by a jackal (1 damage)
             ... on Level 3 of the Dungeon.
             The game lasted 00:06:56 (4805 turns).

Malachi the Vexing (Djinni Enchanter)               Turns: 4805, Time: 00:06:57

HP   0/40        AC  3     Str  8      XL: 5   Next: 19%
MP   0/0         EV 12     Int 16      God:
Gold 177         SH  0     Dex 14      Spells:  3 memorised,  2 levels left

Res.Fire  : + + +   See Invis. : .   a - +1 dagger
Res.Cold  : x . .   Warding    : .   b - +1 robe
Life Prot.: + + +   Conserve   : .   (no shield)
Res.Poison: .       Res.Corr.  : .   j - +0 orc wizard hat
Res.Elec. : .       Clarity    : .   (no cloak)
Sust.Abil.: . .     Spirit.Shd : .   (no gloves)
Res.Mut.  : .       Stasis     : .   (boots unavailable)
Res.Rott. : .       Flight     : .   (no amulet)
Saprovore : . . .                    (no ring)
                                     (no ring)

@: very slightly contaminated, slightly resistant to hostile enchantments,
fairly stealthy
A: fire immunity, cold vulnerability, life protection 3
a: no special abilities


You were on level 3 of the Dungeon.
You were not hungry.

You visited 1 branch of the dungeon, and saw 3 of its levels.

You collected 157 gold pieces.

Inventory:

Hand weapons
 a - a +1,+1 dagger (weapon)
Missiles
 d - 12 darts (quivered)
Armour
 b - a +1 robe (worn)
 j - a +0 orcish wizard hat (worn)
Scrolls
 f - 2 scrolls of enchant weapon II {unknown}
 g - a scroll of fog {unknown}
 m - a scroll of blinking {unknown}
 n - a scroll of identify {unknown}
 p - a scroll of enchant weapon I {unknown}
 q - 2 scrolls of remove curse {unknown}
Jewellery
 e - an uncursed ring of fire {unknown}
Potions
 h - a potion of curing
 i - 2 potions of restore abilities {unknown}
 k - 2 potions of heal wounds {unknown}
 l - a potion of agility {unknown}
 o - a potion of beneficial mutation {unknown}
 r - 2 potions of confusion {unknown}
Books
 c - a book of Maledictions

   Spells                             Type                      Level
   *Corona                            Hexes                        1
   Sure Blade                         Hexes/Charms                 2
   *Ensorcelled Hibernation           Hexes/Ice                    2
   *Confuse                           Hexes                        3
   Enslavement                        Hexes                        4
   Invisibility                       Hexes                        6


   Skills:
 + Level 1.0 Short Blades
 + Level 0.8 Throwing
 + Level 2.0 Dodging
 * Level 3.0 Stealth
 - Level 2.1 Spellcasting
 + Level 5.2 Hexes
 - Level 0.8 Ice Magic


You had 2 spell levels left.
You knew the following spells:

 Your Spells              Type           Power        Failure   Level  Hunger
a - Corona                Hex            ###....      2%          1    #......
b - Ensorcelled Hibernat  Hex/Ice        ##....       10%         2    ##.....
c - Confuse               Hex            ###.....     10%         3    ####...


Dungeon Overview and Level Annotations

Branches:
Dungeon (3/27)

Altars:


Innate Abilities, Weirdness & Mutations

You are immune to all types of fire, even holy and hellish.
You are vulnerable to cold.
You need no food.
You have no legs.
You are immune to negative energy.


Message History

Casting: Ensorcelled Hibernation
Confirm with . or Enter, or press ? or * to list all spells.
Aiming: Ensorcelled Hibernation
Press: ? - help, Shift-Dir - straight line, f/p - jackal
Aim: a jackal You miscast Ensorcelled Hibernation.
The air around you crackles with energy!
The jackal bites you.
* * * LOW HITPOINT WARNING * * *
You are too injured to fight recklessly!
You barely miss the jackal. The jackal closely misses you.
The jackal barely misses you.
You hit the jackal.
The jackal is lightly wounded.
The jackal bites you.
* * * LOW HITPOINT WARNING * * *
You hit the jackal.
The jackal is moderately wounded.
The jackal bites you.
You die...

#.# #.##.# #.#
#.##.# #.# #.##.#
###.###.##.#######
........>...?.....#
###.###.##.#####.#
. #.##.##....#
.###.##.##....#
#.......%@hr%..#
####.##.##....#
#.##.##....#
#.##.##....# .
#.##....# #.##....#
#.##....# #.##..r.#
. ###


You could see a jackal and a rat.

Vanquished Creatures
  6 adders (D:2)
  A giant mite (D:2)
  2 giant geckos
  An ooze (D:3)
  3 orcs (D:3)
  2 ball pythons
  4 bats
  7 giant cockroaches
  10 goblins
  13 hobgoblins
  13 jackals
  8 kobolds
  A quokka (D:2)
  3 giant newts
  12 rats
86 creatures vanquished.

Vanquished Creatures (others)
  An orc wizard (D:3)
  A giant cockroach (D:1)
2 creatures vanquished.

Grand Total: 88 creatures vanquished

Notes
Turn   | Place    | Note
--------------------------------------------------------------
     0 | D:1      | Malachi, the Djinni Enchanter, began the quest for the Orb.
     0 | D:1      | Reached XP level 1. HP: 14/14 MP: 0/0
   427 | D:1      | Reached skill level 4 in Hexes
   477 | D:1      | Reached XP level 2. EP: 6/21
   649 | D:1      | Learned a level 2 spell: Ensorcelled Hibernation
  1494 | D:1      | Reached XP level 3. EP: 3/27
  3000 | D:2      | Reached XP level 4. EP: 28/34
  3101 | D:2      | Reached skill level 5 in Hexes
  3564 | D:2      | Reached skill level 1 in Short Blades
  4083 | D:2      | Learned a level 3 spell: Confuse
  4283 | D:3      | Reached XP level 5. EP: 26/40
  4804 | D:3      | HP: 1/40 [jackal (3)]
  4805 | D:3      | Slain by a jackal

Action                   |  1- 3 |  4- 6 || total
-------------------------+-------+-------++-------
Melee: Dagger            |   112 |   106 ||   218
 Cast: Corona            |     6 |       ||     6
       Ensorcelled Hiber |    54 |    48 ||   102
  Use: Potion            |       |     1 ||     1
 Stab: Sleeping          |    36 |    32 ||    68
